 Dungeon Sprint DCSS version 0.22-a0-858-g985ef60 (webtiles) character file.

17500000 protoss039 the Middleweight Champion (level 27, -83/272 (273) HPs)
             Began as a Ghoul Gladiator on July 27, 2018.
             Was the Champion of Makhleb.
             Annihilated by a fleshlord
             ... wielding a +9 great mace
              (161 damage)
             ... in the Dungeon (Sprint VIII: "Arena of Blood").
             The game lasted 00:05:57 (175 turns).

protoss039 the Middleweight Champion (GhGl)          Turns: 175, Time: 00:05:58

HP:   -83/272 (273) AC:  8    Str: 22    XL:     27
MP:   53/53         EV: 34    Int:  3    God:    Makhleb [******]
Gold: 0             SH:  0    Dex: 19    Spells: 80/80 levels left

rFire    . . .     SeeInvis +   k - +∞ Axe of Woe
rCold    + . .     Gourm    .   (shield currently unavailable)
rNeg     + + +     Faith    .   a - +0 leather armour
rPois    ∞         Spirit   .   b - +0 helmet
rElec    .         Reflect  .   (no cloak)
rCorr    .         Harm     .   (no gloves)
MR       ++...     NoTele   +   (no boots)
Stlth    +++++++++.             (no amulet)
HPRegen  0.00/turn              l - ring of see invisible
MPRegen  0.33/turn              (no ring)

@: rotting, slowed, very slow
A: rotting body, claws 1, carnivore, cold resistance 1, negative energy
resistance 3, inhibited regeneration, torment resistance, unbreathing
a: Minor Destruction, Lesser Servant of Makhleb, Major Destruction, Greater
Servant of Makhleb, Renounce Religion


You were in the Dungeon.
You worshipped Makhleb.
Makhleb was exalted by your worship.
You were not hungry.

You visited 1 branch

Inventory:

Hand Weapons
 k - the +∞ Axe of Woe (weapon)
   (You found it in the Dungeon)
Missiles
 c - 3 throwing nets (quivered)
Armour
 a - a +0 leather armour (worn)
 b - a +0 helmet (worn)
Jewellery
 l - a ring of see invisible (left claw)
Scrolls
 j - a scroll of blinking
Potions
 e - a potion of curing
 f - a potion of heal wounds
 g - a potion of haste
 h - 2 potions of magic
 i - a potion of berserk rage
Comestibles
 d - a ration


   Skills:
 O Level 27 Fighting
 O Level 27 Axes
 O Level 27 Throwing
 O Level 27 Armour
 O Level 27 Dodging
 O Level 27 Stealth
 O Level 27 Unarmed Combat
 O Level 27 Spellcasting
 O Level 27 Invocations


You had 80 spell levels left.
You didn't know any spells.
Your spell library was empty.

Dungeon Overview and Level Annotations

Branches:
Dungeon (1/1)

Altars:
Makhleb

Annotations:
D The Servant


Innate Abilities, Weirdness & Mutations

Your body is rotting away.
You thrive on raw meat.
You are immune to poison.
You have sharp fingernails.
You are carnivorous and can eat meat at any time.
Your flesh is cold resistant. (rC+)
You are immune to negative energy. (rN+++)
You do not regenerate when monsters are visible.
You are immune to unholy pain and torment.
You can survive without breathing.


Message History

You barely resist.
You hear a shout!
A bag of meat comes into view. It is wielding a +9 war axe.
You hear a shout! x3
Unknown command. 2 hydras and a wraith come into view.
You hear a shout!
The Servant hits you from afar with a +9 glaive of flaming!!!!
The Servant burns you!!
A dread comes into view.
The bag of meat hits you with a +9 war axe!!
You hear a shout!
The meat beast bites you!
* * * LOW HITPOINT WARNING * * *
The meat beast tramples you but does no damage.
The fleshlord gestures wildly while chanting.
The fleshlord seems to speed up.
The fleshlord hits you with a +9 great mace!!!!!
Ouch! That really hurt!
You die...

........)))%......
......W.))).......
.....#...)%..#....
.....#..)o)..#......
O..###%.)WO))###....
.......###S)).p....
o...%%.._))o.......
....%#%)po)#.......
.....#_2@)_#%O.....
.M...#2p)oD#..L...#
.....W.@_D.o.W...%.
....W.###..%...%..
.###.. .%.###....


#oD ...# . #%. ...# .. ..... .. .... You could see 2 meat beasts, The Servant, 3
eight-headed meat hydras, a scourge, 3 fleshlords, a wretched soul (invisible),
3 dreads and 5 bags of meat.

Vanquished Creatures
  11 hell knights (D)
  Sigmund (D)
  17 hell beasts (D)
  4 greater mummies (D)
  5 great orbs of eyes (D)
  12 wraiths (D)
  26 vampire knights (D)
  56 ogres (D)
  11 two-headed ogres (D)
  6 liches (D)
  6 hydras (D)
  107 orcs (D)
  3 phantoms (D)
  8 skeletal warriors (D)
  4 sea snakes (D)
  11 large abominations (D)
  14 small abominations (D)
  22 crawling corpses (D)
324 creatures vanquished.

Vanquished Creatures (others)
  4 crawling corpses (D)
4 creatures vanquished.

Grand Total: 328 creatures vanquished

Notes
Turn   | Place    | Note
-------+----------+-------------------------------------------
     0 | D        | Found the +∞ Axe of Woe
     0 | D        | protoss039 the Ghoul Gladiator began the quest for the Orb.
     0 | D        | Reached XP level 1. HP: 17/17 MP: 0/0
     2 | D        | Noticed a bag of meat
     2 | D        | Noticed a bag of meat
     4 | D        | Became a worshipper of Makhleb the Destroyer
     5 | D        | Noticed a bag of meat
     5 | D        | Noticed a bag of meat
     7 | D        | Noticed a bag of meat
     8 | D        | Killed a bag of meat
     8 | D        | Reached XP level 2. HP: 40/40 MP: 1/1
     8 | D        | Reached XP level 3. HP: 47/47 MP: 2/2
     8 | D        | Reached XP level 4. HP: 55/55 MP: 3/3
     8 | D        | Reached XP level 5. HP: 61/61 MP: 4/4
     8 | D        | Reached XP level 6. HP: 68/68 MP: 5/5
     8 | D        | Reached XP level 7. HP: 74/74 MP: 6/6
     8 | D        | Reached XP level 8. HP: 82/82 MP: 7/7
     8 | D        | Reached XP level 9. HP: 89/89 MP: 8/8
     8 | D        | Reached XP level 10. HP: 96/96 MP: 9/9
     8 | D        | Reached XP level 11. HP: 102/102 MP: 10/10
     8 | D        | Reached XP level 12. HP: 110/110 MP: 11/11
     8 | D        | Killed a bag of meat
     8 | D        | Reached * piety under Makhleb
     8 | D        | Reached skill level 5 in Axes
     8 | D        | Reached XP level 13. HP: 119/119 MP: 12/12
     8 | D        | Noticed a bag of meat
     8 | D        | Noticed a bag of meat
     9 | D        | Noticed a meat berserker
    11 | D        | Killed a bag of meat
    11 | D        | Reached XP level 14. HP: 71/130 MP: 13/13
    11 | D        | Killed a bag of meat
    11 | D        | Killed a bag of meat
    11 | D        | Reached ** piety under Makhleb
    11 | D        | Reached skill level 15 in Fighting
    11 | D        | Reached XP level 15. HP: 141/141 MP: 14/14
    11 | D        | Noticed a meat berserker
    11 | D        | Noticed a meat berserker
    12 | D        | Killed a meat berserker
    12 | D        | Reached skill level 5 in Armour
    12 | D        | Reached XP level 16. HP: 155/155 MP: 15/15
    12 | D        | Reached skill level 27 in Unarmed Combat
    14 | D        | Noticed a large bag of meat
    14 | D        | Noticed a large bag of meat
    15 | D        | Noticed a meat berserker
    15 | D        | Noticed a meat berserker
    17 | D        | Reached *** piety under Makhleb
    17 | D        | Reached skill level 15 in Throwing
    17 | D        | Noticed a meat berserker
    18 | D        | Killed a large bag of meat
    18 | D        | Reached skill level 27 in Dodging
    18 | D        | Reached XP level 17. HP: 125/173 MP: 16/16
    18 | D        | Killed a meat berserker
    18 | D        | Reached **** piety under Makhleb
    18 | D        | Reached skill level 10 in Armour
    18 | D        | Reached XP level 18. HP: 192/192 MP: 17/17
    18 | D        | Noticed a meat berserker
    19 | D        | Killed a large bag of meat
    19 | D        | Reached skill level 27 in Fighting
    19 | D        | Reached XP level 19. HP: 112/207 MP: 18/18
    19 | D        | Killed a meat berserker
    19 | D        | Reached ***** piety under Makhleb
    19 | D        | Reached skill level 27 in Axes
    19 | D        | Reached XP level 20. HP: 212/216 MP: 19/19
    19 | D        | Killed a meat berserker
    19 | D        | Reached skill level 27 in Throwing
    19 | D        | Noticed a meat berserker
    20 | D        | Noticed a meat berserker
    20 | D        | Killed a meat berserker
    20 | D        | Reached skill level 27 in Armour
    20 | D        | Reached XP level 21. HP: 224/224 MP: 20/20
    21 | D        | Reached skill level 15 in Stealth
    21 | D        | Reached ****** piety under Makhleb
    22 | D        | Reached XP level 22. HP: 233/233 MP: 20/42
    23 | D        | Reached skill level 27 in Stealth
    23 | D        | Reached skill level 27 in Invocations
    23 | D        | Reached XP level 23. HP: 240/240 MP: 20/50
    23 | D        | Reached skill level 27 in Spellcasting
    24 | D        | Noticed a large bag of meat
    24 | D        | Noticed a destroyer
    25 | D        | Reached XP level 24. HP: 249/249 MP: 21/53
    27 | D        | Noticed a destroyer
    27 | D        | Killed a destroyer
    27 | D        | Noticed a large bag of meat
    31 | D        | Killed a large bag of meat
    31 | D        | Reached XP level 25. HP: 173/257 MP: 22/53
    32 | D        | Noticed a destroyer
    38 | D        | Reached XP level 26. HP: 207/266 MP: 24/53
    41 | D        | Killed a destroyer
    41 | D        | Reached XP level 27. HP: 273/273 MP: 25/53
    42 | D        | Noticed a destroyer
    44 | D        | Killed a destroyer
    45 | D        | Killed a large bag of meat
    48 | D        | Noticed a destroyer
    52 | D        | Noticed a destroyer
    52 | D        | Noticed a destroyer
    54 | D        | Killed a destroyer
    54 | D        | Noticed a destroyer
    55 | D        | Killed a destroyer
    58 | D        | Noticed The Captor
    58 | D        | Noticed a dread
    60 | D        | Killed a dread
    60 | D        | Noticed a dread
    60 | D        | Noticed a destroyer
    62 | D        | Killed a destroyer
    62 | D        | Killed a destroyer
    63 | D        | Noticed a dread
    64 | D        | Killed a dread
    64 | D        | Killed The Captor
    67 | D        | Killed a destroyer
    67 | D        | Noticed a meat beast
    68 | D        | Noticed a meat beast
    69 | D        | Killed a dread
    70 | D        | Noticed an accursed
    70 | D        | Noticed a large bag of meat
    70 | D        | Noticed a dread
    71 | D        | Noticed a meat beast
    73 | D        | Noticed a destroyer
    73 | D        | Noticed a meat beast
    73 | D        | Noticed a tyrant
    74 | D        | Noticed a dread
    75 | D        | Killed a meat beast
    76 | D        | Killed a meat beast
    76 | D        | Noticed a meat beast
    76 | D        | Noticed a dread
    76 | D        | Noticed an accursed
    77 | D        | Killed a destroyer
    77 | D        | Killed a dread
    77 | D        | Killed a destroyer
    77 | D        | Noticed a destroyer
    79 | D        | Killed a meat beast
    79 | D        | Killed a meat beast
    80 | D        | Noticed a meat beast
    80 | D        | Killed a meat beast
    80 | D        | Noticed a destroyer
    81 | D        | Noticed a large bag of meat
    82 | D        | Killed a dread
    82 | D        | Killed a large bag of meat
    83 | D        | Killed a destroyer
    83 | D        | Noticed a meat beast
    84 | D        | Killed a meat beast
    84 | D        | Noticed a large bag of meat
    85 | D        | Killed a tyrant
    86 | D        | Killed a meat beast
    86 | D        | Noticed a destroyer
    86 | D        | Noticed a meat beast
    88 | D        | Noticed a large bag of meat
    89 | D        | Killed a dread
    90 | D        | Killed a meat beast
    92 | D        | Killed an accursed
    92 | D        | Noticed a tyrant
    94 | D        | Killed a large bag of meat
    94 | D        | Killed a destroyer
    95 | D        | Killed an accursed
    95 | D        | Noticed a large bag of meat
    96 | D        | Killed a destroyer
    97 | D        | Killed a large bag of meat
    97 | D        | Noticed a meat beast
    98 | D        | Killed a large bag of meat
    99 | D        | Noticed a large bag of meat
   100 | D        | Noticed a dread
   103 | D        | Killed a meat beast
   103 | D        | Killed a large bag of meat
   106 | D        | Killed a tyrant
   106 | D        | Noticed a destroyer
   108 | D        | Killed a large bag of meat
   112 | D        | Noticed a destroyer
   115 | D        | Killed a dread
   116 | D        | Killed a destroyer
   117 | D        | Killed a destroyer
   117 | D        | Noticed a destroyer
   119 | D        | Noticed a destroyer
   120 | D        | Noticed a destroyer
   121 | D        | Noticed a destroyer
   122 | D        | Killed a destroyer
   123 | D        | Killed a destroyer
   123 | D        | Noticed a fleshlord
   124 | D        | Noticed a tyrant
   127 | D        | Noticed a destroyer
   127 | D        | Noticed an accursed
   129 | D        | Killed a fleshlord
   129 | D        | Killed a destroyer
   129 | D        | Killed a tyrant
   130 | D        | Killed a destroyer
   130 | D        | Noticed a meat beast
   133 | D        | Noticed a fleshlord
   134 | D        | Killed a meat beast
   134 | D        | Noticed a meat beast
   136 | D        | Noticed a meat beast
   137 | D        | Killed an accursed
   137 | D        | Killed a destroyer
   139 | D        | Noticed a large bag of meat
   140 | D        | Noticed a fleshlord
   140 | D        | Noticed a fleshlord
   141 | D        | Noticed a fleshlord
   141 | D        | Killed a meat beast
   141 | D        | Noticed a destroyer
   142 | D        | Noticed a meat beast
   142 | D        | Noticed a fleshlord
   144 | D        | Killed a fleshlord
   144 | D        | Killed a destroyer
   144 | D        | Noticed a meat beast
   146 | D        | Killed a fleshlord
   147 | D        | Killed a fleshlord
   148 | D        | Killed a fleshlord
   148 | D        | Killed a meat beast
   148 | D        | Noticed a dread
   149 | D        | Killed a fleshlord
   150 | D        | Noticed a meat beast
   150 | D        | Noticed a tyrant
   150 | D        | Noticed a tyrant
   151 | D        | Noticed a destroyer
   151 | D        | Noticed a tyrant
   151 | D        | Noticed a destroyer
   152 | D        | Noticed a destroyer
   153 | D        | Killed a meat beast
   153 | D        | Noticed a dread
   154 | D        | Killed a large bag of meat
   154 | D        | Killed a destroyer
   154 | D        | Killed a dread
   154 | D        | Noticed a meat beast
   154 | D        | Noticed an accursed
   155 | D        | Killed a destroyer
   156 | D        | Killed a meat beast
   156 | D        | Killed a destroyer
   156 | D        | Noticed a meat beast
   157 | D        | Killed a tyrant
   157 | D        | Noticed a dread
   157 | D        | Noticed a fleshlord
   158 | D        | Noticed a destroyer
   159 | D        | Noticed a fleshlord
   160 | D        | Killed a meat beast
   160 | D        | Noticed a dread
   160 | D        | Noticed a fleshlord
   161 | D        | Killed a meat beast
   161 | D        | Killed a dread
   161 | D        | Noticed a dread
   161 | D        | Noticed a destroyer
   162 | D        | Noticed a meat beast
   163 | D        | Killed a tyrant
   163 | D        | Killed a dread
   164 | D        | Killed a fleshlord
   164 | D        | Killed a destroyer
   164 | D        | Noticed a meat beast
   164 | D        | Noticed The Servant
   164 | D        | Noticed a fleshlord
   164 | D        | Noticed a fleshlord
   165 | D        | Killed a destroyer
   167 | D        | Killed a dread
   167 | D        | Killed a meat beast
   168 | D        | Killed a tyrant
   168 | D        | Killed a fleshlord
   169 | D        | Killed a fleshlord
   169 | D        | Noticed a fleshlord
   170 | D        | Killed a dread
   170 | D        | Killed an accursed
   170 | D        | Noticed a fleshlord
   170 | D        | Noticed a fleshlord
   171 | D        | Noticed a dread
   172 | D        | Killed a fleshlord
   174 | D        | Killed a fleshlord
   175 | D        | Noticed a dread
   175 | D        | Noticed a dread
   175 | D        | Annihilated by a fleshlord

Vault maps used:
D:        meatsprint

Skill      XL: |  1  2  3  4  5  6  7  8  9 10 11 12 13 14 15 16 17 18 19 20 21 22 23 |
---------------+----------------------------------------------------------------------+-----
Fighting       | 11 12 13 15 17 21 24 27 | 27.0
Axes           | 3 5 6 8 11 16 20 25 27 | 27.0
Throwing       | 9 11 13 14 16 18 20 25 27 | 27.0
Dodging        | 16 18 20 22 23 27 | 27.0
Unarmed Combat | 18 21 22 25 26 27 | 27.0
Armour         | 2 4 5 8 10 13 18 27 | 27.0
Stealth        | 23 27 | 27.0
Spellcasting   | 17 24 27 | 27.0
Invocations    | 21 27 | 27.0

Action                   |  1- 3 |  4- 6 |  7- 9 | 10-12 | 13-15 | 16-18 | 19-21 | 22-24 | 25-27 || total
-------------------------+-------+-------+-------+-------+-------+-------+-------+-------+-------++-------
Melee: Executioner's axe |     1 |       |       |       |     2 |     3 |     3 |     5 |   105 ||   119
Armor: Leather armour    |       |       |       |       |       |       |       |       |     7 ||     7
Dodge: Dodged            |       |       |       |       |     1 |     2 |       |       |    40 ||    43

Table legend:
 A = Spawn XP
 B = Non-spawn XP
 C = Spawn XP percentage of total XP
 D = Spawn monster count
 E = Non-spawn monster count
 F = Spawn count percentage of total count
 G = Total turns spent on level
                    A         B        C        D         E        F      G
               +---------+---------+-------+---------+---------+-------+---------
         Total |       0 | 8999999 |   0.0 |       0 |     291 |   0.0 |   175
               +---------+---------+-------+---------+---------+-------+---------
             D |       0 | 8999999 |   0.0 |       0 |     291 |   0.0 |   175
               +---------+---------+-------+---------+---------+-------+---------
